Unix NetHack Version 5.0.0-0 post-release - last build May 17 2026 04:57:42 (dc50c8380fa5e20985bfe3072449f57b8d9895ef,branch:main).

Game began 2026-05-18 10:01:26, ended 2026-05-18 10:18:47.

ArrBianca, lawful female human Valkyrie

              ---
             |..--
             |...|
             |...|
            --...|
            |..<--                         .---------
            |..-|                         ..|.....@G..
            -...---                      .....|..-----
            ..|...|                      .....|---
             ----.|      -----        .. .....|
                |.|    ---...---     -..| --..--
                |.------.......|  ----..|  |...-
              ---.)...|........----../..|.--)....
              |...........................^......
              |..........).......|........)%)...-
              --....^............|..---........-
               --.....)............-- --.......|
                |.......... ....-      ---.....|
                -----.|.--               --.---
                    -----
ArrBianca the Fighter       St:18 Dx:15 Co:16 In:10 Wi:8 Ch:8  Lawful
Dlvl:8  $:58 HP:0(47) Pw:16(16) AC:6  Xp:6 T:1943 

Latest messages:
 Uzaioth of Uunoghai zaps a wand of striking!
 The wand hits you!
 You hit Uzaioth of Uunoghai!
 Uzaioth of Uunoghai points all around, then curses.
 You hit Uzaioth of Uunoghai!
 Uzaioth of Uunoghai points all around, then curses.
 You kill Uzaioth of Uunoghai!
 Welcome to experience level 6.
 J - a scroll labeled ANDOVA BEGARIN.
 K - a wand of striking.
 You see here 5 candles.
 L - 5 candles.
 You see here a dagger.
 What do you want to read? [inrsvzBIJ or ?*] ?
 You begin to memorize the runes.
 You learn the "detect monsters" spell.
 What do you want to read? [inrsvzBIJ or ?*] ?
 You begin to memorize the runes.
 You stop studying.
 Your candles are getting short.
 M - a dagger.
 You hit Ogakhaiakh of Uunoghai!
 Ogakhaiakh of Uunoghai hits!
 You hit Ogakhaiakh of Uunoghai!
 Ogakhaiakh of Uunoghai turns to flee.
 You hear crashing rock.
 What do you want to throw? [$bCM or ?*] <
 You don't have that object.
 What do you want to throw? [$bCM or ?*] M
 In what direction? b
 You kill Ogakhaiakh of Uunoghai!
 You are almost hit by an arrow.
 You stop waiting.
 You stop waiting.
 What do you want to throw? [$bC or ?*] b
 In what direction? k
 The dagger hits the gnome lord!
 The gnome lord hits!
 You hit the gnome lord!
 The gnome lord reads a scroll of teleportation!
 The gnome lord vanishes!
 b - a +1 dagger (at the ready).
 You hit the gnome lord!
 The gnome lord hits!
 You hit the gnome lord!
 The gnome lord hits!
 You die...
 Do you want an account of creatures vanquished? [ynaq] (y) y
 Do you want to see your conduct and achievements? [ynq] (y) y
 Do you want to see the dungeon overview? [ynq] (y) q

Inventory:
 Coins    ('$')
  $ - 58 gold pieces
 Weapons  (')')
  b - a +1 dagger (at the ready)
  a - a blessed +1 spear (weapon in right hand)
  C - a +0 axe
 Armor    ('[')
  c - an uncursed +3 small shield (being worn)
 Comestibles  ('%')
  o - an uncursed head of romanesco
  d - 2 uncursed food rations
  p - an uncursed tripe ration
  H - an uncursed homemade tin of gnome leader meat
  E - 5 uncursed homemade tins of gnome meat
  F - 2 uncursed homemade tins of hill orc meat
 Scrolls  ('?')
  J - an uncursed scroll of amnesia
  I - an uncursed scroll of confuse monster
  z - a blessed scroll of create monster
  r - an uncursed scroll of identify
  i - an uncursed scroll of teleportation named teleport
 Spellbooks  ('+')
  v - an uncursed spellbook of detect monsters
  n - an uncursed spellbook of dig
  B - an uncursed spellbook of remove curse
  s - an uncursed spellbook of restore ability
 Potions  ('!')
  y - an uncursed potion of extra healing
  m - 2 uncursed potions of gain energy
  w - an uncursed potion of hallucination
  t - 2 uncursed potions of healing
 Wands    ('/')
  K - a wand of striking (0:0)
 Tools    ('(')
  u - an expensive camera (0:41)
  A - 6 uncursed partly used tallow candles (lit)
  L - 5 uncursed tallow candles
  f - a tinning kit (0:71)

ArrBianca the Valkyrie's attributes:

Background:
 You were a Fighter, a level 6 human Valkyrie.
 You were lawful, on a mission for Tyr
 who was opposed by Odin (neutral) and Loki (chaotic).
 You were right-handed.
 You were in the Gnomish Mines, on level 8.
 You entered the dungeon 1943 turns ago.
 There was a new moon in effect when your adventure ended.
 You had 337 experience points, 303 more were needed to attain level 7.

Basics:
 You had 0 out of 47 hit points.
 You had all 16 energy points (spell power).
 Your armor class was 6.
 Your wallet contained 58 zorkmids.
 Autopickup was on for '$?!/="+%' plus thrown, with exceptions.

Final Characteristics:
 Your strength was 18 (limit:18/100).
 Your dexterity was 15 (limit:18).
 Your constitution was 16 (limit:18).
 Your intelligence was 10 (limit:18).
 Your wisdom was 8 (limit:18).
 Your charisma was 8 (limit:18).

Final Status:
 You weren't hungry.
 You were unencumbered.
 You were wielding a spear.
 You had basic skill with spear.

Final Attributes:
 You were devoutly aligned.
 You were cold resistant.
 You were stealthy.
 You are dead.

Miscellaneous:
 You didn't encounter any bones levels.
 Total elapsed playing time was 17 minutes and 20 seconds.

Major events:
 Turn
    1: ArrBianca the lawful human Valkyrie entered the dungeon
 1148: entered the Gnomish Mines
 1151: attained the rank of Skirmisher (level 3)
 1513: reached Mine Town
 1905: attained the rank of Fighter (level 6)
 1943: killed by a gnome lord

Spells:
 Name                 Level Category     Fail Retention
 detect monsters        1   divination    68%  76%-100%

Skills:
 Fighting Skills
   bare handed combat [Unskilled]
   two weapon combat  [Unskilled]
   riding             [Unskilled]
 Weapon Skills
   dagger             [Basic]
   axe                [Unskilled]
   pick-axe           [Unskilled]
   short sword        [Unskilled]
   broadsword         [Unskilled]
   long sword         [Unskilled]
   two-handed sword   [Unskilled]
   saber              [Unskilled]
   hammer             [Unskilled]
   quarterstaff       [Unskilled]
   polearms           [Unskilled]
   spear              [Basic]
   trident            [Unskilled]
   lance              [Unskilled]
   sling              [Unskilled]
 Spellcasting Skills
   attack spells      [Unskilled]
   escape spells      [Unskilled]

Voluntary challenges:
 Character rerolling was not enabled.
 You never had a pet.
 You never genocided any monsters.
 You never polymorphed an object.
 You never changed form.
 You used no wishes.
Achievements:
 You entered a shop.
 You entered the Gnomish Mines.
 You attained the rank of Skirmisher.
 You entered Minetown.
 You attained the rank of Fighter.

 The Dungeons of Doom: levels 1 to 4
    Level 1:
       An altar, a fountain.
    Level 2:
       A potion shop.
    Level 3:
    Level 4:
       A fountain.
       Stairs down to The Gnomish Mines.
 The Gnomish Mines: levels 5 to 8
    Level 5:
    Level 6:
    Level 7:
    Level 8: <- You were here.
       Final resting place for
          you, killed by a gnome lord.


Vanquished creatures:
  a dust vortex
  a Mordor orc
 an orc shaman
  3 gnome leaders
  a dwarf
  2 hill orcs
  2 rothes
  a hobbit
  a giant rat
  a cave spider
 22 gnomes
  a gnome zombie
  a gecko
  2 jackals
  a fox
  a goblin
  2 grid bugs
  a bat
  a lichen
  a kobold zombie
  3 newts
50 creatures vanquished.

No species were genocided or became extinct.

Game over:
                       ----------
                      /          \
                     /    REST    \
                    /      IN      \
                   /     PEACE      \
                  /                  \
                  |    ArrBianca     |
                  |      58 Au       |
                  |   killed by a    |
                  |    gnome lord    |
                  |                  |
                  |                  |
                  |       2026       |
                 *|     *  *  *      | *
        _________)/\\_//(\/(/\)/\//\/|_)_______

Farvel ArrBianca the Valkyrie...

You died in The Gnomish Mines on dungeon level 8 with 1771 points,
and 58 pieces of gold, after 1943 moves.
You were level 6 with a maximum of 47 hit points when you died.

